Map: Efflorescence LE

Players

qqq

  • Race: Zerg Zerg
  • Spawn Location: 3:00

Massa

  • Race: Terran Terran
  • League: Platinum
  • Spawn Location: 12:00

Tom - Winner!

  • Race: Protoss Protoss
  • Spawn Location: 6:00

street - Winner!

  • Race: Terran Terran
  • Spawn Location: 9:00

VOD

Have the link to the VOD?

Description

Time

  • Played on: March 16, 2021, 1:59 p.m.
  • Length: 16:20
Show
View Real Time Build Order
Export as new Build Order

qqq Zerg 

Build Orders: Hatch First 

Get SALT Encoding   

  12  0:01  Drone  
  13  0:11  Drone  
  14  0:21  Overlord  
  14  0:51  Hatchery  
  14  0:54  Drone  
  14  0:55  Drone  
  15  0:57  Drone  
  16  1:13  Drone  
  17  1:24  Drone  
  18  1:28  Spawning Pool  
  18  1:29  Extractor  
  16  1:51  Drone x3  
  20  2:08  Drone  
  20  2:09  Overlord  
  20  2:19  Overlord  
  20  2:21  Queen x2  
  24  2:25  Drone  
  24  2:28  Drone  
  24  2:29  Drone  
  27  2:36  Metabolic Boost  
  27  2:39  Drone  
  28  2:44  Drone  
  28  2:48  Zergling x2  
  28  2:50  Zergling x2  
  31  2:56  Zergling x2  
  32  2:58  Zergling x2  
  33  3:11  Zergling x2  
  33  3:12  Zergling x2  
  35  3:13  Evolution Chamber  
  35  3:17  Zergling x2  
  35  3:19  Zergling x2  
  36  3:22  Lair  
  36  3:29  Zergling x2  
  36  3:30  Zergling x2  
  37  3:35  Drone, Zergling x6  
  37  3:37  Zergling x2  
  37  3:39  Zergling x2  
  43  3:42  Zergling x2  
  43  3:48  Zerg Melee Weapons Level 1  
  44  3:52  Overlord  
  44  3:59  Overlord  
  44  4:13  Zergling x6  
  44  4:14  Drone x3  
  48  4:37  Zergling x2  
  48  4:38  Drone x3, Zergling x4  
  44  5:02  Zergling x2  
  44  5:03  Zergling x6  
  48  5:08  Hatchery  
  48  5:12  Zergling x4  
  45  5:20  Zergling x2  
  45  5:21  Drone x2, Zergling x4  
  47  5:28  Spine Crawler  
  47  5:33  Drone x2, Spine Crawler  
  47  5:34  Zergling x4  
  46  5:43  Drone  
  46  5:45  Zergling x2  
  48  5:52  Drone x2  
  48  5:53  Drone  
  48  5:54  Roach Warren  
  50  6:04  Extractor, Drone x2, Zergling x2  
  50  6:05  Zergling x4  
  54  6:12  Overlord  
  54  6:14  Drone  
  50  6:24  Queen  
  52  6:26  Drone  
  53  6:32  Zerg Ground Armor Level 1  
  49  6:47  Drone  
  49  6:48  Drone x3  
  49  6:49  Drone  
  49  6:51  Roach  
  49  6:52  Glial Reconstitution, Roach x2  
  60  6:59  Evolution Chamber  
  60  7:00  Roach x3  
  60  7:01  Drone x3, Roach  
  69  7:05  Drone x2  
  72  7:13  Overlord  
  72  7:14  Overlord  
  66  7:40  Roach  
  66  7:41  Roach x5  
  70  7:47  Zergling x4  
  70  7:48  Roach  
  70  7:51  Roach  
  76  7:53  Roach  
  76  7:54  Roach  
  72  8:13  Roach x4  
  78  8:24  Roach  
  78  8:25  Roach x4  
  88  8:27  Zerg Missile Weapons Level 1  
  86  8:38  Roach x2  
  86  8:39  Roach  
  84  8:55  Roach x5  
  82  8:58  Hatchery  
  81  9:06  Hatchery  
  80  9:13  Hatchery  
  80  9:16  Roach  
  81  9:17  Drone, Overlord x4, Roach  
  81  9:18  Overlord  
  66  9:37  Roach  
  66  9:38  Drone x5, Roach x2  
  75  9:41  Extractor x2  
  75  9:56  Drone x2  
  75  9:57  Roach x4  
  85  10:04  Spine Crawler, Spore Crawler  
  85  10:06  Spine Crawler  
  82  10:09  Roach x3  
  88  10:18  Drone x4, Roach x2  
  96  10:21  Drone x2  
  96  10:22  Drone x2  
  96  10:26  Extractor  
  96  10:27  Extractor  
  98  10:30  Drone  
  98  10:31  Drone x2  
  98  10:33  Drone  
  96  11:03  Zergling x10, Roach x2  
  101  11:09  Drone x2, Roach x5  
  101  11:10  Drone x5  
  104  11:21  Roach x4  
  104  11:22  Roach x3  
  114  11:36  Roach  
  114  11:37  Roach x7  
  114  11:38  Drone  
  114  11:55  Roach x4  
  114  11:56  Roach x6  
  120  12:02  Drone x2  
  120  12:03  Zergling x6, Roach  
  127  12:13  Zerg Ground Armor Level 2  
  127  12:14  Zerg Melee Weapons Level 2  
  109  12:38  Roach x6  
  109  12:39  Roach  
  109  12:49  Roach x3  
  109  12:50  Roach x8  
  116  12:51  Drone  
  116  12:52  Drone  
  106  13:08  Drone x2, Roach x3  
  106  13:09  Drone, Roach x4  
  123  13:25  Spine Crawler x2  
  123  13:26  Spine Crawler  
  123  13:27  Spine Crawler  
  119  13:28  Spine Crawler  
  119  13:31  Spore Crawler  
  119  13:34  Roach x3  
  123  13:35  Roach  
  125  13:50  Spine Crawler  
  125  13:51  Spine Crawler  
  123  13:59  Spine Crawler  
  123  14:00  Spine Crawler  
  123  14:01  Spine Crawler  
  123  14:02  Spore Crawler  
  112  14:03  Spine Crawler  
  87  14:22  Zergling x8  
  87  14:23  Zergling x6, Roach x4  
  87  14:24  Zergling x6  
  75  14:28  Drone  
  52  15:08  Infestation Pit  
  51  15:15  Drone x2  
  51  15:16  Drone  
  56  15:21  Roach x3  
  56  15:22  Roach x4  
  56  15:23  Drone x2  
  70  15:37  Drone x2  
  70  15:39  Drone  
  73  15:44  Hatchery  
  73  15:48  Roach x3  
  68  15:53  Hatchery  
Show
View Real Time Build Order
Export as new Build Order

Massa Terran 

Build Orders: Command Center First (CC) 

Get SALT Encoding   

  12  0:00  SCV  
  13  0:12  SCV  
  14  0:18  Supply Depot  
  14  0:24  SCV  
  15  0:39  SCV  
  16  0:51  SCV  
  17  1:02  Command Center  
  17  1:05  SCV  
  18  1:16  Barracks  
  18  1:22  SCV  
  19  1:26  Refinery  
  19  1:35  SCV  
  21  1:47  SCV  
  21  1:56  Supply Depot  
  21  1:59  SCV  
  22  2:09  Reaper  
  23  2:19  Command Center  
  23  2:24  SCV  
  23  2:25  SCV  
  25  2:38  Orbital Command  
  25  2:42  Refinery  
  25  2:48  Orbital Command  
  25  2:57  Factory  
  25  3:06  Barracks Tech Lab  
  25  3:12  Barracks  
  25  3:15  SCV x2  
  27  3:25  Stimpack  
  27  3:27  SCV  
  27  3:32  Orbital Command  
  28  3:38  Engineering Bay  
  28  3:42  Factory Tech Lab  
  29  3:48  SCV x2  
  30  4:00  Starport, SCV x2, Barracks Reactor  
  32  4:06  SCV  
  32  4:08  Missile Turret  
  33  4:12  SCV, Marauder  
  33  4:13  Refinery  
  36  4:19  SCV x2  
  38  4:24  SCV  
  38  4:27  Missile Turret  
  40  4:31  SCV  
  40  4:36  Fusion Core  
  40  4:38  Starport Tech Lab  
  40  4:39  Marine x2  
  42  4:50  Siege Tank  
  42  4:51  SCV x3  
  48  4:55  Refinery  
  48  4:56  Marine x2  
  50  5:03  SCV x3  
  52  5:14  Marine  
  52  5:15  SCV x3, Marine x2  
  58  5:31  Orbital Command  
  58  5:32  Marine  
  58  5:33  Marine x2  
  61  5:37  Supply Depot  
  61  5:38  Supply Depot  
  61  5:40  Supply Depot  
  61  5:49  Supply Depot x2  
  61  5:52  Supply Depot  
  61  5:53  Weapon Refit  
  61  5:58  SCV x2  
  61  5:59  Battlecruiser, Combat Shield  
  61  6:00  Widow Mine, Marauder  
  61  6:01  Marine  
  74  6:05  SCV  
  74  6:11  SCV x2  
  77  6:13  Marine  
  77  6:17  Starport, SCV  
  79  6:19  Marine  
  79  6:21  Terran Infantry Weapons Level 1, Missile Turret  
  79  6:22  Marauder  
  79  6:23  SCV x2  
  84  6:35  Missile Turret  
  84  6:44  Marauder, Marine x2  
  88  6:50  Barracks x2  
  88  6:51  Barracks  
  88  6:52  Barracks  
  88  6:57  Starport Tech Lab  
  88  7:03  Battlecruiser  
  88  7:05  Marauder  
  96  7:10  Supply Depot  
  96  7:16  Command Center  
  96  7:26  SCV x3  
  96  7:29  Siege Tank  
  102  7:38  SCV, Sensor Tower  
  102  7:39  SCV x2  
  105  7:47  Refinery x2  
  105  8:02  Siege Tank  
  108  8:08  Marauder, Marine x2  
  108  8:10  Barracks Reactor, Barracks Tech Lab x2  
  108  8:11  Barracks Reactor  
  110  8:25  Marine  
  111  8:27  Marine  
  111  8:29  Marauder  
  111  8:34  Siege Tank  
  115  8:43  Marine  
  115  8:45  Marine  
  115  8:51  Marauder  
  110  9:01  Marine  
  99  9:06  Siege Tank  
  90  9:10  Battlecruiser x2  
  90  9:11  Marauder x2, Marine  
  90  9:12  Marauder, Marine x4  
  90  9:14  SCV  
  90  9:15  SCV x2  
  90  9:16  Planetary Fortress  
  116  9:19  Refinery, Marine  
  116  9:20  Refinery  
  117  9:26  SCV  
  117  9:27  SCV x2  
  117  9:29  Marine  
  117  9:30  Marine x4  
  118  9:32  Marine  
  118  9:33  Marauder, Marine  
  118  9:35  Concussive Shells  
  118  9:38  SCV, Siege Tank  
  125  9:39  SCV x2  
  128  9:45  Engineering Bay  
  128  9:47  Armory  
  128  9:48  Armory  
  128  10:00  Command Center  
  128  10:04  Starport  
  128  10:06  Starport  
  128  10:29  Terran Infantry Armor Level 1  
  128  10:33  Advanced Ballistics  
  128  10:36  Terran Infantry Weapons Level 2  
  128  10:38  Terran Vehicle And Ship Armor Level 1, Terran Vehicle Weapons Level 1  
  128  10:45  Marauder x2  
  132  10:57  Supply Depot  
  132  10:58  Supply Depot  
  132  11:00  Marine  
  132  11:02  Supply Depot  
  132  11:04  Marine x4  
  131  11:06  Marauder  
  131  11:07  Marauder x2  
  108  11:22  Supply Depot  
  108  11:23  Supply Depot  
  99  11:27  Marauder  
  99  11:28  Supply Depot  
  99  11:29  Marauder  
  102  11:34  Starport Reactor  
  102  11:35  Starport Reactor  
  102  11:40  Corvid Reactor  
  102  11:42  Raven x2  
  102  11:44  Marauder, Marine  
  102  11:45  Marine x5  
  102  11:46  Siege Tank  
  117  11:47  Supply Depot  
  117  11:48  Marauder, Supply Depot  
  117  11:50  Marauder  
  117  11:51  Factory  
  117  11:52  Starport Reactor, Supply Depot  
  121  11:56  Refinery, Planetary Fortress  
  121  11:57  Refinery  
  118  12:02  Marine  
  118  12:03  Marine x4  
  118  12:05  Marauder  
  125  12:09  Barracks  
  125  12:10  Barracks x2, Marauder  
  125  12:12  Marauder, Supply Depot  
  125  12:15  Supply Depot  
  129  12:19  Siege Tank  
  125  12:35  Marauder x2  
  125  12:36  Marauder, Marine x6  
  137  12:53  Marine  
  137  12:54  Marine x5  
  137  12:56  Marine  
  137  12:57  Marauder, Marine  
  103  13:09  Factory Tech Lab  
  103  13:10  Barracks Reactor, Barracks Tech Lab  
  103  13:11  Barracks Tech Lab, Marine  
  103  13:12  Marine x2  
  106  13:17  SCV x4  
  106  13:18  SCV  
  111  13:29  SCV x4  
  111  13:30  SCV  
  116  13:38  Terran Infantry Armor Level 2, Terran Infantry Weapons Level 3  
  116  13:39  Terran Vehicle And Ship Armor Level 2, Terran Vehicle Weapons Level 2  
  116  13:40  Cloaking Field  
  116  13:41  SCV  
  117  13:44  Liberator x5  
  117  13:45  Liberator  
  141  13:48  Marauder x3  
  141  13:49  Marauder x2, Marine x8  
  153  14:00  Missile Turret, Supply Depot  
  153  14:01  Supply Depot  
  153  14:02  Supply Depot  
  153  14:07  Marine x7  
  164  14:10  Marauder x2  
  164  14:21  Missile Turret  
  136  14:32  Siege Tank x2  
  136  14:34  Drilling Claws  
  142  14:43  SCV, Missile Turret  
  142  14:44  SCV x4  
  147  14:55  SCV  
  147  14:56  SCV x4, Command Center  
  152  15:04  Siege Tank x2  
  157  15:19  Medivac  
  157  15:20  Medivac x4  
  139  15:50  Marauder, Marine  
  139  15:51  Marauder x4, Marine x7  
Show
View Real Time Build Order
Export as new Build Order

Tom Protoss - Winner!

Build Orders: Chargelot Immortal 

Get SALT Encoding   

  12  0:01  Probe  
  13  0:14  Pylon  
  13  0:18  Probe  
  14  0:33  Gateway  
  14  0:35  Probe (Chrono Boost)  
  15  0:42  Assimilator  
  15  0:47  Probe (Chrono Boost)  
  16  0:54  Probe (Chrono Boost)  
  17  1:00  Pylon  
  17  1:02  Probe  
  18  1:14  Probe  
  19  1:22  Cybernetics Core  
  19  1:28  Probe  
  20  1:35  Assimilator  
  20  1:52  Probe  
  21  2:02  Nexus  
  21  2:07  Warp Gate  
  21  2:11  Adept  
  23  2:16  Probe  
  24  2:26  Twilight Council  
  24  2:32  Probe  
  25  2:41  Adept  
  27  2:44  Probe  
  28  2:53  Gateway  
  28  2:57  Probe  
  29  3:01  Pylon  
  29  3:06  Charge  
  29  3:11  Probe (Chrono Boost)  
  30  3:17  Probe (Chrono Boost)  
  31  3:23  Probe (Chrono Boost)  
  31  3:26  Sentry  
  35  3:27  Probe (Chrono Boost)  
  35  3:30  Probe (Chrono Boost)  
  35  3:32  Shield Battery  
  36  3:37  Probe  
  36  3:41  Zealot  
  39  3:47  Probe  
  39  3:48  Pylon  
  40  3:49  Probe  
  41  3:59  Probe, Gateway  
  42  4:05  Sentry  
  44  4:11  Gateway  
  44  4:12  Probe  
  45  4:18  Pylon  
  45  4:29  Zealot  
  38  4:43  Zealot  
  32  5:00  Pylon  
  32  5:03  Adept x3  
  38  5:18  Probe x2  
  40  5:23  Zealot x2  
  40  5:24  Zealot x2  
  48  5:30  Probe x2  
  51  5:42  Probe  
  51  5:43  Probe  
  51  5:44  Pylon  
  51  5:48  Forge  
  52  5:50  Robotics Facility  
  52  5:51  Zealot  
  52  5:52  Zealot x2  
  52  5:54  Probe, Sentry  
  61  6:07  Probe  
  61  6:09  Assimilator  
  62  6:11  Assimilator  
  60  6:23  Zealot x4  
  68  6:38  Nexus  
  68  6:42  Robotics Facility  
  68  6:43  Shield Battery  
  68  6:48  Probe (Chrono Boost), Protoss Ground Weapons Level 1 (Chrono Boost)  
  69  6:58  Probe (Chrono Boost)  
  69  7:01  Immortal  
  74  7:03  Probe (Chrono Boost)  
  74  7:06  Pylon  
  75  7:11  Probe  
  75  7:15  Probe  
  77  7:23  Probe  
  77  7:27  Probe  
  79  7:34  Shield Battery  
  79  7:35  Probe  
  80  7:37  Photon Cannon  
  80  7:39  Probe  
  80  7:40  Immortal  
  83  7:46  Zealot  
  86  7:51  Probe x2, Pylon  
  86  7:55  Stalker  
  86  8:08  Stalker x2  
  86  8:09  Stalker  
  92  8:19  Immortal  
  82  8:20  Zealot  
  82  8:32  Stalker x2  
  82  8:33  Stalker  
  70  8:55  Stalker  
  58  8:57  Stalker x2  
  58  8:58  Stalker x2  
  58  9:22  Stalker x2  
  58  9:23  Stalker x2  
  62  9:26  Probe x3  
  61  9:34  Assimilator  
  61  9:36  Assimilator  
  62  9:38  Probe x3  
  62  9:40  Immortal  
  62  9:41  Immortal  
  62  9:45  Protoss Shields Level 1 (Chrono Boost)  
  72  9:46  Gateway  
  72  9:47  Gateway  
  72  9:50  Probe x2  
  72  9:52  Gateway, Pylon  
  74  9:53  Gateway  
  74  9:56  Templar Archives  
  74  10:05  Zealot x3  
  80  10:25  Nexus  
  80  10:31  Zealot x4  
  88  10:36  Immortal  
  72  11:16  Zealot x5  
  72  11:17  Zealot x3  
  76  11:34  Photon Cannon  
  64  11:41  Stalker x7  
  64  11:42  Psionic Storm, Stalker  
  77  11:50  Protoss Ground Armor Level 1 (Chrono Boost)  
  69  12:09  High Templar x7  
  69  12:10  High Templar  
  69  12:14  Probe x3  
  88  12:22  Nexus  
  88  12:26  Probe x3  
  88  12:27  Immortal x2  
  99  12:41  Archon x3  
  99  12:42  Archon  
  95  12:46  Zealot x4  
  95  12:47  Zealot x4  
  79  13:06  Probe  
  79  13:07  Probe x2  
  79  13:11  Pylon  
  82  13:13  High Templar x6  
  82  13:14  High Templar x2, Pylon  
  82  13:16  Pylon  
  82  13:18  Probe  
  82  13:19  Probe  
  100  13:22  Immortal  
  104  13:47  Forge  
  104  13:48  Protoss Ground Weapons Level 2 (Chrono Boost), Immortal  
  108  13:55  Stalker  
  108  13:56  Stalker x6  
  106  14:27  Archon  
  102  14:35  Zealot x6  
  102  14:36  Zealot x2  
  118  14:43  Probe x3  
  121  14:48  Photon Cannon, Assimilator  
  121  14:49  Photon Cannon  
  121  14:50  Assimilator  
  121  14:52  Photon Cannon  
  121  14:54  Photon Cannon  
  121  14:55  Probe  
  116  15:21  Stalker  
  116  15:22  Stalker x6  
  116  15:23  Stalker  
  126  15:50  Stargate  
  126  15:52  Zealot, Stargate  
  126  15:53  Zealot x5  
  126  15:54  Zealot x2  
  126  15:55  Stargate  
  140  16:00  Pylon  
  140  16:03  Pylon  
  136  16:05  Pylon  
Show
View Real Time Build Order
Export as new Build Order

street Terran - Winner!

Build Orders: Reaper Expand 

Get SALT Encoding   

  12  0:00  SCV  
  13  0:12  SCV  
  14  0:18  Supply Depot  
  14  0:24  SCV  
  15  0:39  SCV  
  15  0:41  Barracks  
  16  0:45  Refinery  
  16  0:51  SCV  
  17  1:03  SCV  
  18  1:16  SCV  
  19  1:28  SCV  
  19  1:40  Reaper, Orbital Command  
  20  2:01  Command Center  
  20  2:05  Supply Depot  
  20  2:08  SCV  
  21  2:12  Marine  
  22  2:20  SCV  
  23  2:28  Factory  
  23  2:31  Barracks Reactor  
  23  2:32  SCV  
  24  2:37  Refinery  
  24  2:44  SCV  
  25  2:56  SCV  
  26  3:08  SCV  
  26  3:09  Command Center  
  27  3:20  Starport, SCV  
  28  3:28  Orbital Command  
  28  3:32  SCV  
  31  3:34  Hellion  
  31  3:40  Hellion  
  33  3:43  Barracks Tech Lab  
  33  3:45  SCV  
  34  3:57  SCV, Hellion  
  34  3:59  Medivac  
  39  4:03  SCV  
  39  4:09  SCV  
  30  4:26  Hellion x2  
  34  4:46  Starport Tech Lab  
  34  4:47  SCV x3, Hellion  
  34  4:48  Hellion  
  39  4:59  SCV x2  
  40  5:07  SCV  
  41  5:09  Hellion  
  41  5:10  Raven  
  41  5:11  SCV x2  
  46  5:36  SCV x3  
  48  5:48  SCV x2  
  51  5:51  Orbital Command  
  50  5:57  Engineering Bay  
  50  5:59  Barracks  
  50  6:00  SCV x2, Barracks  
  50  6:01  Engineering Bay  
  52  6:12  SCV x2  
  52  6:14  Hellion x2  
  52  6:17  Stimpack  
  58  6:24  SCV  
  47  6:49  Marauder  
  49  6:54  Terran Infantry Armor Level 1, Terran Infantry Weapons Level 1  
  49  6:58  Barracks Reactor  
  49  6:59  SCV x2  
  49  7:00  SCV  
  54  7:01  Widow Mine x2  
  54  7:06  Refinery, Starport Reactor  
  54  7:07  Refinery, Orbital Command, Marauder  
  58  7:15  Marauder  
  60  7:32  Supply Depot  
  60  7:33  Supply Depot  
  60  7:34  Supply Depot  
  60  7:36  Supply Depot  
  60  7:38  Supply Depot  
  60  7:40  Marine  
  61  7:47  Factory Tech Lab  
  61  7:54  Marauder x2, Marine  
  61  7:57  Marine, Viking x2  
  71  8:01  Missile Turret  
  71  8:02  Missile Turret  
  69  8:12  Marine, Missile Turret  
  70  8:13  Missile Turret  
  70  8:15  Marine  
  70  8:19  Missile Turret  
  71  8:21  SCV, Missile Turret  
  71  8:22  SCV x2  
  71  8:27  Viking x2  
  74  8:28  Marauder x2  
  74  8:33  SCV  
  74  8:34  SCV  
  84  8:52  Marine x2  
  84  8:53  Marauder, Marine  
  81  9:05  Viking x2  
  82  9:10  Marine x2  
  82  9:11  Marauder  
  82  9:15  Marauder  
  84  9:28  Marine x2  
  85  9:32  Marauder  
  85  9:33  Armory, Barracks  
  85  9:35  Viking  
  85  9:36  Marauder  
  85  9:38  Barracks  
  89  9:42  SCV x3  
  92  9:46  Marine x2  
  92  9:47  Barracks  
  94  9:53  Barracks  
  94  9:54  SCV x2, Marauder  
  94  9:55  Medivac  
  94  9:58  Combat Shield  
  94  9:59  Concussive Shells  
  100  10:03  Marine  
  100  10:04  Marauder, Marine  
  100  10:06  Supply Depot  
  104  10:09  Siege Tank  
  107  10:15  Marauder  
  107  10:18  Barracks, Missile Turret  
  109  10:23  Missile Turret  
  109  10:25  Marauder  
  109  10:27  SCV  
  112  10:30  Supply Depot  
  112  10:34  Marine  
  113  10:36  Barracks Reactor, Marauder  
  113  10:37  Barracks Reactor  
  113  10:40  SCV  
  113  10:41  Terran Infantry Weapons Level 2  
  113  10:42  Siege Tank  
  119  10:44  Medivac  
  119  10:46  Medivac  
  119  10:47  Marauder  
  125  10:54  SCV x2  
  125  10:57  Sensor Tower  
  127  10:58  Marauder  
  124  11:08  Marauder  
  115  11:11  Marine  
  115  11:12  Marine x2  
  97  11:19  Marauder  
  97  11:20  Marine  
  97  11:21  Barracks Reactor  
  97  11:23  SCV  
  99  11:29  Marauder  
  101  11:35  SCV x2  
  101  11:37  Terran Infantry Armor Level 2  
  103  11:41  Marauder  
  103  11:44  Barracks Tech Lab  
  105  11:51  Marauder  
  106  11:58  Marine x4  
  106  11:59  Marine  
  111  12:02  Marauder  
  111  12:06  Marauder  
  115  12:09  Viking  
  115  12:12  Marauder  
  114  12:23  Marauder  
  114  12:27  Marauder  
  106  12:34  Marauder  
  102  12:39  Marine  
  102  12:40  Marine x2  
  103  12:45  Marauder  
  103  12:48  Marauder, Marine x3  
  108  12:55  Marauder  
  108  12:57  Marine  
  107  13:06  Marauder  
  107  13:07  Marine x4  
  107  13:10  Marauder  
  115  13:13  Refinery x2  
  115  13:16  Terran Infantry Weapons Level 3, Marauder, Command Center  
  115  13:18  Terran Vehicle Weapons Level 1  
  115  13:19  Siege Tank  
  120  13:27  Medivac x2  
  120  13:28  Marauder  
  120  13:31  Marauder  
  128  13:38  Marauder  
  130  13:49  Marauder  
  132  13:57  Supply Depot  
  132  14:02  Medivac  
  133  14:07  Marauder  
  132  14:19  Marauder, Medivac, Siege Tank  
  132  14:20  Orbital Command  
  132  14:21  Marauder  
  141  14:28  Marine x6  
  141  14:29  Marauder, Supply Depot  
  149  14:35  Supply Depot  
  149  14:36  Supply Depot  
  149  14:38  Supply Depot  
  149  14:49  Marine  
  149  14:51  SCV x2, Marauder, Marine x2  
  144  15:00  Viking x2  
  144  15:03  SCV x2  
  150  15:07  Refinery  
  150  15:15  SCV x2  
  150  15:19  Starport  
  150  15:21  Starport  
  152  15:25  Command Center  
  152  15:30  Viking  
  152  15:31  Marine  
  152  15:32  Marine x6  
  125  15:58  Marauder x2, Marine x5  
  125  15:59  Marine x2  
  125  16:02  SCV x2  
Tags
 
Add a new tag
Caveats
  • Supply blocks, unpowered buildings, or Contaminate may cause inaccurate times.
  • Supply counts are checked every 10 seconds.